 Dungeon Crawl Stone Soup version 0.29.1-12-g30fa7ad0bf (webtiles) character file.

Game seed: 17061507248239841466

4558 nightchill the Cruncher (level 10, 0/124 HPs)
             Began as a Formicid Fighter on Jan 1, 2023.
             Was a Priest of Okawaru.
             Succumbed to a killer bee's poison
             ... on level 8 of the Dungeon.
             The game lasted 00:25:42 (11865 turns).

nightchill the Cruncher (Formicid Fighter)         Turns: 11865, Time: 00:25:43

Health: 0/124      AC: 25    Str: 24    XL:     10   Next: 67%
Magic:  14/14      EV:  2    Int:  9    God:    Okawaru [***...]
Gold:   500        SH:  5    Dex: 13    Spells: 9/9 levels left

rFire   . . .      SeeInvis .   a - +0 quarterstaff
rCold   . . .      Faith    +   c - +0 buckler
rNeg    . . .      Spirit   .   (body armour currently unavailable)
rPois   +          Reflect  .   (helmet unavailable)
rElec   .          Harm     .   (cloak currently unavailable)
rCorr   .          Rampage  .   (gloves currently unavailable)
Will    ++...                   (boots currently unavailable)
Stlth   +.........              r - amulet of faith
HPRegen 0.30/turn               B - ring of willpower
MPRegen 0.14/turn               (no ring)

@: lethally poisoned (0 -> -14), tree-form, studying Unarmed Combat
A: stationary, stasis, torment immunity, boosted hp, permanent stasis, dig
shafts and tunnels, (antennae 3), four strong arms
a: Renounce Religion, Heroism


You were on level 8 of the Dungeon.
You worshipped Okawaru.
Okawaru was most pleased with you.
You were a tree.
You visited 2 branches of the dungeon, and saw 10 of its levels.
You also visited: Sewer.

You collected 500 gold pieces.

Inventory:

Hand Weapons
 a - a +0 quarterstaff (weapon)
 b - a +0 sling of flaming
 E - a +3 dagger of venom
Missiles
 o - a throwing net
 A - 51 stones
 C - 8 poisoned darts
 F - 2 curare-tipped darts
 K - 6 javelins (quivered)
Armour
 c - a +0 buckler (worn)
 g - a +0 cloak (melded)
 u - a +0 pair of gloves (melded)
 I - +0 acid dragon scales (melded)
Magical Staves
 H - a staff of air
Jewellery
 r - an amulet of faith (around neck)
 B - a ring of willpower (left branch)
 G - a ring of flight
Wands
 v - a wand of iceblast (11)
 L - a wand of flame (10)
Scrolls
 e - 2 scrolls of poison {unknown}
 h - 4 scrolls of blinking {unknown}
 i - 4 scrolls of teleportation {unknown}
 k - a scroll of magic mapping {unknown}
 m - 4 scrolls of amnesia {unknown}
 n - a scroll of acquirement {unknown}
 q - a scroll of torment
 s - a scroll of fear {unknown}
 t - a scroll of noise {unknown}
 w - 3 scrolls of brand weapon {unknown}
 y - a scroll of enchant weapon
 D - a scroll of immolation
Potions
 d - 2 potions of might
 f - a potion of curing
 j - 4 potions of invisibility
 l - a potion of lignification
 p - 3 potions of heal wounds
 x - 2 potions of mutation
 z - a potion of magic
 J - a potion of berserk rage {unknown}


   Skills:
 + Level 9.5 Fighting
 * Level 11.7 Staves
 - Level 3.2 Armour
 - Level 4.0 Shields
 + Level 5.7 Invocations


You had 9 spell levels left.
You didn't know any spells.
Your spell library contained the following spells:

 Spells                   Type           Power      Damage    Failure   Level
 Foxfire                  Conj/Fire      0%         2x1d4     45%         1
 Shock                    Conj/Air       0%         1d3       45%         1
 Conjure Flame            Conj/Fire      0%         6-21      83%         3
 Inner Flame              Hex/Fire       0%         N/A       83%         3
 Portal Projectile        Hex/Tloc       0%         N/A       83%         3
 Airstrike                Air            0%         2d(0-16)  99%         4
 Flame Wave               Conj/Fire      0%         2d4       99%         4
 Leda's Liquefaction      Hex/Erth       0%         N/A       99%         4
 Call Canine Familiar     Summ           Unusable   N/A       N/A         3
 Swiftness                Air            Unusable   N/A       N/A         3

Dungeon Overview and Level Annotations

Branches:
Dungeon (9/15)             Temple (1/1) D:6           Sewer (visited)
   Lair: D:8-11         Orc: D:9-12

Altars:
Ashenzari
Dithmenos
Hepliaklqana
Makhleb
Okawaru
Sif Muna
Vehumet
Xom
Zin
The Shining One

Shops:
D:8 [

Annotations:
D:2 1 runed translucent door, Crazy Yiuf
D:4 exclusion: downstairs
D:7 3 runed translucent doors, DrBigBum's ghost, novice BaFi; gargbit's ghost, novice TrFi


Innate Abilities, Weirdness & Mutations

You are a tree.
Your roots penetrate the ground, keeping you stationary.
You cannot be teleported.
You are immune to unholy pain and torment.
Your maximum health is greatly increased.
Your equipment is partially melded.
You cannot be hasted, slowed, berserked, paralysed or teleported.
You can dig through walls and to a lower floor.
((You have a pair of large antennae on your head. (SInv)))
Your four strong arms can wield two-handed weapons with a shield.


Message History

You are more poisoned.
The killer bee poisons you!
You feel very sick. You block the killer bee's attack.
The killer bee stings you.
You are more poisoned.
The killer bee poisons you! The killer bee stings you.
The killer bee stings you but does no damage.
The killer bee attacks as you move away!
The killer bee stings you.
You are lethally poisoned!
The killer bee poisons you!
* * * LOW HITPOINT WARNING * * *
You feel extremely sick. You block the killer bee's attack.
The killer bee stings you.
* * * LOW HITPOINT WARNING * * *
The killer bee stings you.
* * * LOW HITPOINT WARNING * * *
You feel better. The killer bee stings you!
* * * LOW HITPOINT WARNING * * *
You are poisoned.
The killer bee poisons you! You block the killer bee's attack.
The killer bee barely misses you. The killer bee stings you.
* * * LOW HITPOINT WARNING * * *
The killer bee barely misses you. The killer bee stings you!
* * * LOW HITPOINT WARNING * * *
You are more poisoned.
The killer bee poisons you!
The killer bee attacks as you move away!
You block the killer bee's attack.
* * * LOW HITPOINT WARNING * * *
You feel very sick. You block the killer bee's attack.
The killer bee stings you but does no damage.
You see here a yak skeleton.
Really quaff the potion of lignification?
You turn into a tree.
Your +0 cloak melds into your body.
Your +0 pair of gloves melds into your body.
Your +0 acid dragon scales melds into your body.
Your roots penetrate the ground.
You die...

.......##...........# ##.#.##
......###...###.##..# #.###.#
........#...##......# ##.#.##
....................# #.#.#.#
.....#.####.##......# ##.#.##
#....### #..###.....# #.###.#
..)..## #...###..### ##.#.##
..#...## ##...##.## #.#)#.#
.......####...##♣#### ##.#.##
...............yyy..# #.###.#
..#............yy...# ##.#.##
###.........>.......# #.#.#.#
..#............##..## ##.#.##
....#..<............# #.###.#
##.###.......###.##.# ##.#.##
##.#...##[#.........###.#.#.#
#......###......##..##.#...#


You could see 5 killer bees.

Vanquished Creatures
  A cyclops (D:7)
  Maggie (D:6)
  5 yaks
  Eustachio (D:6)
  2 steam dragons (D:7)
  A water moccasin (D:8)
  2 sky beasts (D:7)
  2 ice beasts
  An orc warrior (D:6)
  2 ogres
  3 centaurs
  A phantom (D:7)
  5 kobold brigands
  A necrophage (D:5)
  2 bullfrogs
  5 scorpions
  A wight (D:7)
  A killer bee (D:7)
  A howler monkey (D:6)
  4 hounds
  2 jellies
  2 gnoll boudas
  4 iguanas
  4 orc wizards
  8 gnolls
  6 adders
  4 river rats (Sewer)
  2 shadow imps (D:5)
  2 white imps
  A worm (D:2)
  5 dart slugs
  31 orcs
  9 endoplasms
  A giant cockroach (D:3)
  A goblin (D:4)
  8 hobgoblins
  4 jackals (D:5)
  37 kobolds
  2 quokkas
  8 ball pythons
  2 bats
  4 frilled lizards
  24 rats
213 creatures vanquished.

Vanquished Creatures (others)
  10 plants (D:3)
  4 withered plants (D:7)
14 creatures vanquished.

Grand Total: 227 creatures vanquished

Notes
Turn   | Place    | Note
-------+----------+-------------------------------------------
     0 | D:1      | nightchill the Formicid Fighter began the quest for the
                  | Orb.
     0 | D:1      | Reached XP level 1. HP: 18/18 MP: 1/1
    33 | D:1      | Reached XP level 2. HP: 17/24 MP: 2/2
   788 | D:2      | Reached XP level 3. HP: 24/30 MP: 3/3
   895 | D:2      | Found a hazy altar of Hepliaklqana.
   923 | D:2      | Reached skill level 3 in Staves
  1343 | D:2      | Reached XP level 4. HP: 35/37 MP: 4/4
  1584 | D:2      | Found a runed translucent door.
  1585 | D:2      | Noticed Crazy Yiuf
  2982 | D:4      | Reached skill level 4 in Staves
  3066 | D:4      | Reached XP level 5. HP: 42/42 MP: 5/5
  3932 | D:5      | Entered Level 5 of the Dungeon
  3935 | D:5      | Noticed an ice beast
  3956 | D:4      | Killed an ice beast
  3957 | D:4      | Reached skill level 5 in Staves
  3957 | D:4      | Reached XP level 6. HP: 20/50 MP: 6/6
  4186 | D:5      | Reached skill level 5 in Fighting
  4266 | D:5      | Found a glowing drain.
  4303 | D:5      | Reached XP level 7. HP: 21/56 MP: 7/7
  4343 | Sewer    | Entered a sewer
  4610 | Sewer    | Reached skill level 6 in Staves
  5451 | D:5      | Reached skill level 7 in Staves
  5451 | D:5      | Reached XP level 8. HP: 35/64 MP: 8/8
  6662 | D:5      | Reached skill level 8 in Staves
  7123 | D:6      | Noticed Maggie
  7138 | D:6      | Killed Maggie
  7139 | D:6      | Reached skill level 9 in Staves
  7139 | D:6      | Reached XP level 9. HP: 33/72 MP: 9/9
  7385 | D:6      | Noticed Eustachio
  7494 | D:6      | Killed Eustachio
  7679 | D:6      | Found a staircase to the Ecumenical Temple.
  7689 | Temple   | Entered the Ecumenical Temple
  7778 | Temple   | Became a worshipper of Warmaster Okawaru
  8135 | D:6      | Reached skill level 1 in Invocations
  8830 | D:7      | Reached * piety under Okawaru
  8831 | D:7      | Reached skill level 10 in Staves
  9133 | D:7      | Found a runed translucent gate.
  9133 | D:7      | Found a runed translucent gate.
  9134 | D:7      | Found a runed translucent gate.
  9145 | D:7      | Noticed DrBigBum's ghost (novice BaFi)
  9145 | D:7      | Noticed gargbit's ghost (novice TrFi)
  9776 | D:7      | Reached ** piety under Okawaru
  9777 | D:7      | Reached XP level 10. HP: 75/82 MP: 12/12
 10393 | D:7      | Noticed a cyclops
 10415 | D:7      | Killed a cyclops
 10416 | D:7      | Reached skill level 11 in Staves
 10416 | D:7      | Reached skill level 5 in Invocations
 11117 | D:8      | Found Ecunis's Armour Shoppe.
 11528 | D:8      | Reached *** piety under Okawaru
 11864 | D:8      | HP: 2/83 [poisoned by a killer bee]
 11865 | D:8      | Succumbed to a killer bee's poison

Illustrated notes

Levels and vault maps discovered:
D:1:      tarquinn_simple_flora_water_f, layout_rooms
D:2:      layout_basic, basic_altar, serial_bayou_pond_e,
          uniq_crazy_yiuf_cottage
D:3:      layout_basic, serial_aquarium, aquarium_bridge_long_joined
          [aquarium_subvault_bridge, aquarium_subvault_window,
          aquarium_subvault_wall, aquarium_subvault_window,
          aquarium_subvault_wall, aquarium_subvault_wall], aquarium_window_1,
          aquarium_window_2, aquarium_window_fake, aquarium_window_1,
          aquarium_view_2f, hangedman_decor_opposing, serial_bayou_lagoon_a
D:4:      layout_cave_pods
D:5:      layout_basic, portal_sewer_entry_a
D:6:      layout_loops_ring, minmay_temple_entry_sparse_star, uniq_eustachio,
          uniq_maggie
D:7:      nzn_winding_woodlands_medium [nzn_winding_woodlands_hourglass,
          nzn_winding_woodlands_5x15_jagged,
          nzn_winding_woodlands_5x5_open_star, nzn_winding_woodlands_5x5_three,
          nzn_winding_woodlands_center_diamonds,
          nzn_winding_woodlands_5x5_cross, nzn_winding_woodlands_5x5_perimeter,
          nzn_winding_woodlands_5x15_concentric,
          nzn_winding_woodlands_5x5_checkerboard], layout_loops_ring,
          gammafunk_ghost_cemetery, minmay_misc_feat_nine_boxes
D:8:      layout_cave_pools, serial_shops, kennysheep_little_box,
          roderic_roman_lattice, minmay_holes
D:9:      layout_rooms, minivault_16, nicolae_transporter_circle
Temple:   roderic_octagonal_lattice_temple

Skill      XL: |  1  2  3  4  5  6  7  8  9 10 |
---------------+-------------------------------+-----
Staves         | 3 4 5 7 9 10 11 | 11.7
Fighting       | 4 5 6 7 8 9 |  9.5
Invocations    | 3 5 |  5.7
Armour         | |  3.2
Shields        | |  4.0

Action                   |  1- 3 |  4- 6 |  7- 9 | 10-12 || total
-------------------------+-------+-------+-------+-------++-------
Melee: Quarterstaff      |    65 |   152 |   445 |   142 ||   804
Invok: Heroism           |       |       |       |     5 ||     5
  Use: Scroll            |       |     5 |     7 |       ||    12
       Potion            |       |     1 |     3 |     3 ||     7
 Stab: Distracted        |       |       |       |     1 ||     1
Armor: Scale mail        |    38 |     5 |       |       ||    43
       Chain mail        |       |    48 |   128 |       ||   176
       Acid dragon scale |       |       |    62 |    52 ||   114
Dodge: Dodged            |    25 |    39 |   135 |    56 ||   255
Block: Buckler           |    12 |    25 |   102 |    32 ||   171
